 Dungeon Crawl Stone Soup version 0.31-a0-801-gc67433417a (webtiles) character file.

Game seed: 2596337976744475974

53 CrazyBamboolord the Changeling (level 3, -5/28 HPs)
             Began as a Draconian Shapeshifter on Sept 20, 2023.
             Slain by a gnoll
             ... wielding a +0 halberd
              (14 damage)
             ... on level 2 of the Dungeon.
             The game lasted 00:01:39 (1173 turns).

CrazyBamboolord the Changeling (DrSh)               Turns: 1173, Time: 00:01:40

Health: -5/28      AC:  5    Str: 18    XL:     3   Next: 62%
Magic:  3/3        EV: 12    Int: 10    God:
Gold:   118        SH:  0    Dex: 10    Spells: 2/2 levels left

rFire   + .          .
                       - Unarmed
rCold   . . .        (no shield)
rNeg    . . .        (body armour unavailable)
rPois   .            (helmet currently unavailable)
rElec   .            (cloak currently unavailable)
rCorr   .            (gloves currently unavailable)
SInv    .            (boots currently unavailable)
Will    .....        (no amulet)
Stlth   +            i - ring of protection from fire
HPRegen 0.24/turn    (no ring)
MPRegen 0.08/turn

%: no passive effects
@: beast-form
A: beast (slay +2), AC +5, unfitting armour, cold-blooded
a: Begin Untransformation


You were on level 2 of the Dungeon.
You were a hulking beast.
You visited 1 branch of the dungeon, and saw 4 of its levels.

You collected 118 gold pieces.

Inventory:

Jewellery
 i - a ring of protection from fire (left hand)
Talismans
 b - a beast talisman (active)
 c - a flux talisman
Scrolls
 d - a scroll of blinking
 f - a scroll of amnesia {unknown}
 h - a scroll of teleportation {unknown}
 j - a scroll of noise {unknown}
Potions
 a - 2 potions of lignification
 e - 2 potions of curing
 g - a potion of enlightenment


   Skills:
 - Level 1.1 Fighting
 - Level 1.7 Dodging
 - Level 3.0 Unarmed Combat
 + Level 4.4 Shapeshifting


You had 2 spell levels left.
You didn't know any spells.
Your spell library contained the following spells:

 Spells                   Type           Power      Damage    Failure   Level
 Dazzling Flash           Conj/Hex       0%         N/A       75%         3
 Volatile Blastmotes      Fire/Tloc      0%         2d10      75%         3
 Starburst                Conj/Fire      0%         6d3       100%        6
 Maxwell's Capacitive Co  Air            0%         ∞         100%        8


Dungeon Overview and Level Annotations

Branches:
Dungeon (4/15)
 Temple: D:4-7

Altars:
Dithmenos


Innate Abilities, Weirdness & Mutations

You are a hulking beast.
Your limbs bulge with bestial killing power. (Slay +2)
Your plain brown scales are hard. (AC +5)
You cannot fit into any form of body armour.
You are cold-blooded and may be slowed by cold attacks.


Message History

There is a large open door here.
There is a large open door here.
You open the door.
There is an open door here.
Found a scale mail.
No target in view!
A gnoll comes into view. It is wielding a +0 spear.
A gnoll is nearby!
A gnoll is nearby!
A gnoll is nearby!
The gnoll barely misses you.
You barely miss the gnoll. The gnoll misses you.
You closely miss the gnoll. The gnoll misses you.
You hit the gnoll.
The gnoll is lightly wounded.
The gnoll completely misses you.
You punch the gnoll! You punch the gnoll.
You kill the gnoll!
No target in view!
No target in view!
Things that are here:
a +0 spear; a gnoll corpse 3 gnolls come into view.
The gnoll shouts! x2
There are monsters nearby!
There are monsters nearby!
The gnoll hits you with a +0 halberd.
The gnoll hits you from afar with a +0 halberd.
You hit the gnoll.
The gnoll is moderately wounded.
The gnoll hits you with a +0 halberd.
The gnoll hits you from afar with a +0 halberd!
* * * LOW HITPOINT WARNING * * *
Unknown command.
The gnoll closely misses you.
Okay, then.
The gnoll attacks as it pursues you!
The gnoll hits you from afar with a +0 halberd!
Ouch! That really hurt!
You die...

#.####### .........
#.######### #.#
#.....####
..###.....##..
....#.....##.# #####
#.# #.#.#.....##.#
#... #.#..#
#+#.......##.###.####
#.#..#
..........##.#..h...#
# #.#..#
.......##..#.#.#.##.##
#. #.#..#
.....[.###....).g....#
. #.#..# .......#
###.#[#.##..# #.#.#..#
..(....# #.#.#g#
.####.#.#..# ..<....#
#.#.#g# ..#.......#
.......# #.#.#.#
#....#....# .......#
#.#.#.# ##...#....#
.......# #.#.#..
###...#....#


You could see 3 gnolls.

Vanquished Creatures
  A gnoll (D:2)
  An adder (D:2)
  A dart slug (D:1)
  3 bats
  3 endoplasms
  3 giant cockroaches (D:1)
  4 goblins
  4 hobgoblins (D:1)
  A quokka (D:2)
  6 ball pythons (D:1)
  2 frilled lizards (D:1)
  A rat (D:1)
30 creatures vanquished.

Notes
Turn   | Place    | Note
-------+----------+-------------------------------------------
     0 | D:1      | CrazyBamboolord the Draconian Shapeshifter began the quest
                  | for the Orb.
     0 | D:1      | Reached XP level 1. HP: 16/16 MP: 1/1
   149 | D:1      | Reached XP level 2. HP: 23/23 MP: 2/2
   520 | D:1      | Reached skill level 4 in Shapeshifting
   862 | D:2      | Reached XP level 3. HP: 27/28 MP: 3/3
   883 | D:2      | You fall into a shaft and drop 2 floors!
   999 | D:3      | Found a shadowy altar of Dithmenos.
  1173 | D:2      | Slain by a gnoll

Illustrated notes

Levels and vault maps discovered:
D:1:      wander_arrival_lonely_grave, layout_basic, minmay_misc_feat_hallway
D:2:      layout_basic
D:3:      layout_loops_cross, mainiacjoe_overflow_boulevard,
          hangedman_abyss_or_decor_lesser_grid, grunt_ministairs_14
D:4:      minmay_razor_zed, layout_basic, dancing_weapons_uskayaw,
          serial_bayou_lake_a

Skill      XL: |  1  2 |
---------------+-------+-----
Shapeshifting  | 4 |  4.4
Fighting       | |  1.1
Dodging        | |  1.7
Unarmed Combat | |  3.0

Action                     || total
---------------------------++-------
  Melee: Unarmed           ||    76
         Tailslap          ||     9
         Punch             ||     1
    Use: Scroll            ||     3
 Armour: Skin              ||    39
  Dodge: Dodged            ||    44
         Form:             ||     1
         Beast             ||     1

Table legend: (Time is in decaauts)
 A = Elapsed time spent in this place.
 B = Non-inter-level travel time spent in this place.
 C = Inter-level travel time spent in this place.
 D = Time resting spent in this place.
 E = Time spent auto-exploring this place.
 F = Levels seen in this place.
 G = Mean time per level.
                   A        B        C        D        E       F      G
               +--------+--------+--------+--------+--------+-----+--------+
         Total |   1171 |   1098 |     73 |      0 |    868 |   4 |  292.8 |
       Dungeon |   1171 |   1098 |     73 |      0 |    868 |   4 |  292.8 |
               +--------+--------+--------+--------+--------+-----+--------+

Top non-repeatable levels by time:
     D:1: 856 daAuts
     D:2: 161 daAuts
     D:4: 91 daAuts
     D:3: 62 daAuts
